Map: Ulrena

Players

bluegoOse - Winner!

  • Race: Protoss Protoss
  • League: Silver

DrunkenJawa

  • Race: Protoss Protoss
  • League: Silver

VOD

Have the link to the VOD?

Description

Time

  • Played on: May 8, 2016, 1:58 p.m.
  • Length: 9:01
Show
View Real Time Build Order
Export as new Build Order

bluegoOse Protoss - Winner!

Build Orders:  

Get SALT Encoding   

  12  0:01  Probe (Chrono Boost)  
  13  0:12  Probe (Chrono Boost)  
  14  0:19  Pylon  
  14  0:29  Probe (Chrono Boost)  
  15  0:42  Gateway  
  15  0:47  Probe (Chrono Boost)  
  16  0:51  Assimilator  
  16  0:59  Probe (Chrono Boost)  
  17  1:12  Pylon  
  17  1:19  Probe (Chrono Boost)  
  18  1:29  Cybernetics Core  
  18  1:33  Probe (Chrono Boost)  
  18  1:35  Assimilator  
  19  1:44  Probe (Chrono Boost)  
  20  1:50  Forge  
  20  1:54  Pylon  
  20  1:58  Probe (Chrono Boost)  
  21  2:06  Warp Gate  
  21  2:17  Probe (Chrono Boost)  
  22  2:40  Protoss Ground Weapons Level 1 (Chrono Boost)  
  22  2:42  Nexus  
  22  2:50  Pylon  
  22  3:03  Probe (Chrono Boost)  
  23  3:16  Probe (Chrono Boost)  
  23  3:18  Robotics Facility  
  24  3:20  Pylon  
  24  3:27  Mothership Core (Chrono Boost)  
  26  3:36  Twilight Council  
  26  3:46  Probe (Chrono Boost)  
  27  3:49  Gateway  
  27  4:01  Gateway  
  27  4:05  Observer  
  27  4:07  Probe (Chrono Boost)  
  29  4:16  Probe (Chrono Boost)  
  30  4:17  Pylon  
  30  4:24  Probe (Chrono Boost)  
  30  4:26  Blink  
  30  4:27  Probe (Chrono Boost)  
  32  4:35  Protoss Ground Weapons Level 2 (Chrono Boost)  
  32  4:38  Probe  
  32  4:39  Probe  
  34  4:54  Immortal  
  38  5:05  Probe x2  
  40  5:12  Gateway  
  40  5:14  Gateway  
  39  5:22  Probe  
  39  5:23  Probe  
  39  5:25  Gateway  
  41  5:35  Immortal  
  45  5:40  Probe x2  
  47  6:05  Gateway  
  47  6:06  Gateway  
  47  6:14  Immortal  
  51  6:32  Pylon  
  51  6:33  Probe  
  52  7:01  Stalker x2  
  52  7:02  Stalker x3  
  52  7:03  Stalker x2  
  66  7:08  Pylon  
  66  7:10  Pylon  
  66  7:30  Zealot  
  66  7:31  Zealot, Nexus  
  66  7:32  Stalker x2  
  66  7:33  Stalker  
  66  7:34  Stalker  
  66  7:35  Stalker  
  79  7:54  Sentry x2  
  79  7:56  Zealot  
  79  7:57  Zealot x2  
  79  7:58  Zealot  
  77  8:41  Stalker  
  77  8:42  Stalker x5  
  77  8:43  Stalker  
Show
View Real Time Build Order
Export as new Build Order

DrunkenJawa Protoss 

Build Orders:  

Get SALT Encoding   

  12  0:01  Probe (Chrono Boost)  
  13  0:15  Pylon  
  13  0:26  Probe (Chrono Boost)  
  14  0:35  Gateway  
  14  0:37  Probe (Chrono Boost)  
  15  0:48  Probe (Chrono Boost), Assimilator  
  16  0:58  Probe (Chrono Boost)  
  16  1:09  Probe (Chrono Boost)  
  17  1:22  Probe (Chrono Boost)  
  18  1:33  Probe (Chrono Boost)  
  19  1:43  Probe (Chrono Boost)  
  19  1:45  Nexus  
  20  1:50  Cybernetics Core  
  20  1:54  Probe (Chrono Boost)  
  21  1:59  Pylon  
  21  2:07  Assimilator  
  21  2:14  Probe (Chrono Boost)  
  22  2:25  Probe (Chrono Boost)  
  22  2:29  Stalker (Chrono Boost)  
  25  2:35  Warp Gate (Chrono Boost)  
  25  2:45  Probe  
  25  2:47  Gateway  
  25  2:48  Gateway  
  26  3:05  Probe  
  26  3:09  Mothership Core  
  29  3:13  Adept (Chrono Boost)  
  29  3:15  Probe  
  32  3:26  Probe  
  32  3:30  Probe  
  34  3:38  Robotics Facility  
  34  3:39  Stalker  
  34  3:40  Stalker  
  38  3:45  Pylon  
  38  4:01  Probe  
  39  4:03  Probe  
  40  4:16  Gateway  
  40  4:17  Gateway  
  40  4:22  Probe x2  
  42  4:32  Probe  
  42  4:35  Probe  
  42  4:36  Pylon  
  44  4:40  Pylon  
  44  4:41  Pylon  
  44  4:42  Observer (Chrono Boost)  
  45  4:46  Adept x2  
  49  4:52  Stalker  
  51  5:02  Observer (Chrono Boost)  
  52  5:26  Probe  
  52  5:27  Probe  
  54  5:33  Immortal (Chrono Boost)  
  57  5:36  Probe  
  57  5:39  Probe, Assimilator  
  57  5:41  Assimilator  
  59  5:46  Stalker  
  59  5:47  Stalker x4  
  69  5:52  Probe  
  69  5:54  Probe  
  71  6:04  Twilight Council  
  71  6:05  Pylon  
  71  6:08  Pylon  
  71  6:14  Observer (Chrono Boost)  
  71  6:15  Probe  
  71  6:16  Probe  
  74  6:26  Forge  
  74  6:27  Gateway  
  78  6:33  Immortal (Chrono Boost)  
  74  6:54  Gateway  
  74  6:55  Gateway  
  74  7:02  Protoss Ground Weapons Level 1 (Chrono Boost)  
  74  7:07  Immortal (Chrono Boost)  
  78  7:14  Zealot x2  
  82  7:15  Adept x2  
  82  7:16  Adept  
  88  7:24  Probe  
  88  7:25  Probe, Pylon  
  90  7:32  Photon Cannon  
  90  7:34  Photon Cannon  
  90  7:43  Nexus  
  90  8:05  Templar Archives  
  90  8:12  Gateway  
  90  8:14  Probe x2  
  90  8:16  Gateway  
  92  8:21  Pylon  
  92  8:24  Pylon  
  63  8:43  Zealot  
  63  8:44  Adept x3  
  63  8:46  Pylon  
  63  8:48  Pylon  
  43  8:58  Pylon  
  43  9:01  Pylon  
Tags
 
Matchup
PvP
Add a new tag
Caveats
  • Supply blocks, unpowered buildings, or Contaminate may cause inaccurate times.
  • Supply counts are checked every 10 seconds.